 Dungeon Crawl Stone Soup version 0.17-a0-737-gf0a300a (webtiles) character file.

126 Sixotanaka the Chopper (level 5, -5/42 HPs)
             Began as a Vine Stalker Berserker on Apr 19, 2015.
             Was a Follower of Trog.
             Slain by a slave (7 damage)
             ... led by Pikel
             ... on level 5 of the Dungeon on Apr 20, 2015.
             The game lasted 00:05:32 (654 turns).

Sixotanaka the Chopper (Vine Stalker Berserker)      Turns: 654, Time: 00:05:32

Health: -5/42      AC:  6    Str: 25    XL:     5   Next: 10%
Magic:  0/6        EV: 11    Int:  7    God:    Trog [*.....]
Gold:   32         SH:  5    Dex: 14    Spells: 0 memorised, 4 levels left

rFire  . . .     SeeInvis .     a - +0 hand axe
rCold  . . .     Clarity  .     i - +0 ring mail (curse)
rNeg   . . .     SustAb   .     b - +2 buckler
rPois  .         Gourm    .     (no helmet)
rElec  .         Spirit   +     (no cloak)
rCorr  .         Warding  .     (no gloves)
rMut   .         Stasis   .     (no boots)
MR     .....                    (no amulet)
Stlth  ..........               (no ring)
                                (no ring)

@: berserking, very quick, not resistant to hostile enchantments, extremely
unstealthy
A: fangs 2, regeneration 1, shaggy fur 1, magic shield, antimagic bite, no
device heal 3, rot immunity
a: Burn Spellbooks, Berserk, Renounce Religion


You were on level 5 of the Dungeon.
You worshipped Trog.
Trog was aware of your devotion.
You were not hungry.

You visited 1 branch of the dungeon, and saw 5 of its levels.

You collected 32 gold pieces.


Innate Abilities, Weirdness & Mutations

You have extremely sharp teeth.
Your natural rate of healing is unusually fast.
You are covered in fur (AC +1).
When hurt, damage is shared between your health and your magic reserves.
Your bite disrupts and absorbs the magic of your enemies.
Potions and wands cannot restore your health.
You are immune to rotting.


   Skills:
 + Level 3.3 Fighting
 * Level 3.8 Axes
 + Level 2.2 Armour
 + Level 2.4 Dodging


You had 4 spell levels left.
You didn't know any spells.

Dungeon Overview and Level Annotations

Branches:
Dungeon (5/15)
 Temple: D:4-7

Altars:
Ashenzari
Sif Muna
The Shining One

Annotations:
D:5 Pikel

Inventory:

Hand weapons
 a - a +0 hand axe (weapon)
Armour
 b - a +2 buckler (worn)
 i - a cursed +0 ring mail (worn)
Magical devices
 m - a wand of slowing (21)
Scrolls
 e - 2 scrolls of identify {unknown}
 j - 2 scrolls of remove curse {unknown}
 k - a scroll of teleportation {unknown}
Potions
 g - a potion of magic {unknown}
 l - a potion of haste {unknown}
 n - a potion of restore abilities {unknown}
 o - a potion of agility {unknown}
Comestibles
 c - 2 bread rations
 d - 5 chunks of flesh
 f - 2 fruits
 h - a meat ration

##+ ##.. # ...
.# ##'## ..#
...##..K##...#
#.......p@....#
.......pp....#
.............#
#..###+###...#
. ...+ ...# ..#
..


You could see Pikel and 3 slaves.


Message History

Found 9 gold pieces.
Found 10 sling bullets of flame.
An adder comes into view.
Found 16 gold pieces.
Found a stone staircase leading down.
The adder bites you but does no damage.
You hit the adder. You bite the adder, but do no damage. The adder bites you.
The adder bites you but does no damage.
You closely miss the adder. You bite the adder. You drain its power.
The adder bites you. The adder bites you but does no damage.
You hit the adder but do no damage. The adder bites you but does no damage.
You block the adder's attack. x2
You slash the adder!
You kill the adder!
Trog accepts your kill.
You see here an adder corpse.
You butcher the adder corpse.
d - 7 chunks of flesh (gained 1)
You see here an adder skeleton.
You now have 32 gold pieces (gained 16).
You feel yourself speed up.
You see here 10 sling bullets of flame.
Found 10 gold pieces.
There is a stone staircase leading down here.
You climb downwards.
There is a stone staircase leading up here.
You open the door. 2 slaves and Pikel come into view.
Pikel shouts!
The slave shouts!
The slave shouts!
You hear a shout!
You hear a shout!
Pikel moves out of view.
A slave comes into view.
You hit the slave but do no damage. You bite the slave. You drain its power.
The slave closely misses you.
The slave moves out of view.
You closely miss the slave. You bite the slave, but do no damage.
Some of the chunks of flesh in your inventory have rotted away.
A slave comes into view.
There is a stone staircase leading up here.
You barely miss the slave. Your bite misses the slave.
You closely miss the slave. The slave misses you. You block the slave's attack.
You completely miss the slave. Your bite misses the slave. You hit the slave.
You feel less exhausted. The slave hits you but does no damage.
A red film seems to cover your vision as you go berserk!
You feel yourself moving faster!
You feel mighty!
You feel quite a bit more hungry. The slave hits you.
You slash Pikel! You bite Pikel. You drain his power. You slash the slave!
Pikel says, "Slavery isn't that bad."
Pikel drinks a potion.
Pikel seems to grow stronger.
The slave hits you.
You completely miss Pikel. You slash the slave!
Pikel hits you with a whip of electrocution.
You closely miss Pikel. You hit the slave but do no damage.
You slash the slave! You closely miss the slave. You block the slave's attack.
Pikel hits you with a whip of electrocution!
The slave hits you!
* * * LOW HITPOINT WARNING * * *
You closely miss Pikel. Your bite misses Pikel. You closely miss the slave.
You closely miss the slave. You hit the slave but do no damage.
The slave barely misses you.
Unknown command.
You barely miss the slave. You bite the slave! You drain its power.
You feel invigorated.
You hit the slave. You closely miss the slave. You slash Pikel!
The slave hits you.
* * * LOW HITPOINT WARNING * * *
The slave hits you.
* * * LOW HITPOINT WARNING * * *
Pikel hits you but does no damage.
You are electrocuted!
* * * LOW HITPOINT WARNING * * *
The slave hits you!
You die...

Action                   |  1- 3 |  4- 6 || total
-------------------------+-------+-------++-------
Melee: Hand axe          |    57 |    54 ||   111
Invok: Berserk           |     2 |     2 ||     4
       Trog's Hand       |       |     1 ||     1
  Eat: Chunk             |       |     3 ||     3

Vault maps used:
D:1:      dpeg_arrival_arbitrary_a
D:2:      gammafunk_temple_overflow_forgotten, first_bread,
          mrwooster_statue_mirror, uniq_terence
D:3:      lightli_temple_of_fire, old_standard_altar
D:4:      uniq_blork_the_orc
D:5:      minmay_temple_entry_poolview, uniq_pikel

Notes
Turn   | Place    | Note
--------------------------------------------------------------
     0 | D:1      | Sixotanaka, the Vine Stalker Berserker, began the quest for the Orb.
     0 | D:1      | Reached XP level 1. HP: 11/11 MP: 2/2
   225 | D:2      | Reached skill level 3 in Axes
   225 | D:2      | Reached XP level 2. HP: 16/16 MP: 3/3
   234 | D:2      | Upgraded the game from 0.17-a0-721-g747ea25 to 0.17-a0-724-gd3fc226
   252 | D:2      | Found a glowing golden altar of the Shining One.
   260 | D:2      | Found a deep blue altar of Sif Muna.
   260 | D:2      | Found a shattered altar of Ashenzari.
   269 | D:2      | Upgraded the game from 0.17-a0-724-gd3fc226 to 0.17-a0-737-gf0a300a
   313 | D:3      | Reached XP level 3. HP: 10/19 MP: 4/4
   383 | D:3      | Reached skill level 2 in Dodging
   424 | D:4      | Reached skill level 3 in Fighting
   424 | D:4      | Reached skill level 2 in Armour
   424 | D:4      | Reached XP level 4. HP: 24/24 MP: 5/5
   448 | D:4      | Acquired Trog's second power
   590 | D:4      | Reached XP level 5. HP: 14/28 MP: 2/6
   641 | D:5      | Entered Level 5 of the Dungeon
   643 | D:5      | Noticed Pikel
   643 | D:5      | Noticed a slave
   643 | D:5      | Noticed a slave
   644 | D:5      | Noticed a slave
   647 | D:5      | Noticed a slave
   654 | D:5      | HP: 2/42 [Pikel/whip of electrocution (12)]
   654 | D:5      | Slain by a slave

Vanquished Creatures
  A giant frog skeleton (D:4)
  2 worker ants (D:4)
  2 adders
  2 worms
  A giant gecko (D:2)
  2 ball pythons
  2 bats
  A bat skeleton (D:4)
  A giant cockroach (D:3)
  2 goblins
  A hobgoblin (D:3)
  5 jackals
  A kobold (D:2)
  A quokka skeleton (D:4)
  A rat (D:2)
25 creatures vanquished.
